 Dungeon Crawl Stone Soup version 0.24.1-11-gbbbb2193e6 (webtiles) character file.

Game seed: 16031114645760505190, levelgen mode: deterministic

26 Peloso the Skirmisher (level 3, 0/31 HPs)
             Began as a Ghoul Fighter on May 14, 2020.
             Slain by Natasha (3 damage)
             ... on level 2 of the Dungeon.
             The game lasted 00:01:34 (933 turns).

Peloso the Skirmisher (Ghoul Fighter)                Turns: 933, Time: 00:01:34

Health: 0/31       AC:  6    Str: 19    XL:     3   Next: 8%
Magic:  2/2        EV:  7    Int:  3    God:
Gold:   8          SH:  8    Dex:  9    Spells: 2/2 levels left

rFire    . . .     SeeInvis .   a - +0 long sword
rCold    + . .     Gourm    .   c - +0 shield
rNeg     + + +     Faith    .   b - +0 scale mail
rPois    ∞         Spirit   .   (no helmet)
rElec    .         Reflect  .   (no cloak)
rCorr    .         Harm     .   (no gloves)
MR       .....                  (no boots)
Stlth    ..........             (no amulet)
HPRegen  0.00/turn              j - ring of positive energy
MPRegen  0.08/turn              (no ring)

@: rotting
A: rotting body, claws 1, carnivore, cold resistance 1, negative energy
resistance 3, inhibited regeneration, torment resistance, unbreathing
a: no special abilities


You were on level 2 of the Dungeon.
You were not hungry.

You visited 1 branch of the dungeon, and saw 2 of its levels.

You collected 8 gold pieces.

Inventory:

Hand Weapons
 a - a +0 long sword (weapon)
Armour
 b - a +0 scale mail (worn)
 c - a +0 shield (worn)
Jewellery
 j - a ring of positive energy (left claw)
Scrolls
 e - a scroll of identify
 g - a scroll of blinking
 h - a scroll of remove curse {unknown}
Potions
 d - a potion of might
Comestibles
 f - 5 rations


   Skills:
 + Level 3.6 Fighting
 + Level 2.3 Long Blades
 + Level 2.9 Armour
 + Level 3.0 Shields


You had 2 spell levels left.
You didn't know any spells.
Your spell library was empty.

Dungeon Overview and Level Annotations

Branches:
Dungeon (2/15)

Altars:

Annotations:
D:2 Natasha


Innate Abilities, Weirdness & Mutations

Your body is rotting away.
You thrive on raw meat.
You are immune to poison.
You have sharp fingernails.
You are carnivorous and can eat meat at any time.
Your flesh is cold resistant. (rC+)
You are immune to negative energy. (rN+++)
You do not regenerate when monsters are visible.
You are immune to unholy pain and torment.
You can survive without breathing.


Message History

The magic dart hits you.
You see here a rat corpse.
There is an open door here.
You aren't carrying any items that you can evoke.
Unknown command.
You hit Natasha but do no damage. Natasha closely misses you.
You closely miss Natasha. Natasha claws you. x2
You closely miss Natasha. Natasha claws you!
You slash Natasha!
Natasha is heavily wounded.
Natasha stares at you and mumbles some strange words.
You resist with significant effort.
You closely miss Natasha.
Natasha is heavily wounded.
You block Natasha's attack. Natasha claws you!
* * * LOW HITPOINT WARNING * * *
Your shield and scale mail prevent you from hitting Natasha.
Natasha is heavily wounded.
Natasha claws you.
You die...

# .. #. #.#######+#
####.#.......#
##################..#.[........
#..............@h...#..........
#.################.###..^......
#.# #...# #..h'†........ #.#
######...# #####......... #.#
#........# #......... #.#
#.#####+## ###......# #.#
#.#<..#.# ......# #.# #.###.#.#
..$...# #.# #.....#.# ......#


You could see Natasha.

Vanquished Creatures
  2 oozes (D:1)
  A dart slug (D:1)
  A leopard gecko (D:1)
  A giant cockroach (D:1)
  2 goblins (D:1)
  2 bats
  2 kobolds (D:1)
  7 rats
18 creatures vanquished.

Notes
Turn   | Place    | Note
-------+----------+-------------------------------------------
     0 | D:1      | Peloso the Ghoul Fighter began the quest for the Orb.
     0 | D:1      | Reached XP level 1. HP: 19/19 MP: 0/0
   251 | D:1      | Reached XP level 2. HP: 23/26 MP: 1/1
   772 | D:1      | Reached XP level 3. HP: 30/31 MP: 2/2
   916 | D:2      | Noticed Natasha
   933 | D:2      | Slain by Natasha

Levels and vault maps discovered:
D:1:      minmay_arrival_plants_in_alcoves, layout_loops_ring,
          minmay_misc_feat_alley, minmay_misc_feat_chi, minmay_tetromino_o2
D:2:      lemuel_upstairs_altar, layout_basic,
          chequers_temple_overflow_statue_of_worship, uniq_natasha

Skill      XL: |  1  2  3 |
---------------+----------+-----
Long Blades    | 2 |  2.3
Shields        | 3 |  3.0
Fighting       | |  3.6
Armour         | |  2.9

Action                   || total
-------------------------++-------
Melee: Long sword        ||    64
  Use: Scroll            ||     1
       Potion            ||     1
  Eat: Chunk             ||     2
Armor: Scale mail        ||    37
Dodge: Dodged            ||    23
Block: Shield            ||    22
       Rpst.: Long sword ||     5
